 Dungeon Crawl Stone Soup version 0.29-a0-82-g837932c90e (webtiles) character file.

Game seed: 8385995356147034451

53 lordive the Ducker (level 3, 0/19 HPs)
             Began as a Spriggan Abyssal Knight on Feb 5, 2022.
             Was a Believer of Lugonu.
             Slain by a steam dragon (3 damage)
             ... on level 3 of the Dungeon.
             The game lasted 00:02:54 (2499 turns).

lordive the Ducker (Spriggan Abyssal Knight)        Turns: 2499, Time: 00:02:54

Health: 0/19       AC:  2    Str:  9    XL:     3   Next: 62%
Magic:  5/5        EV: 18    Int: 13    God:    Lugonu [**....]
Gold:   61         SH:  0    Dex: 15    Spells: 3/3 levels left

rFire   . . .      SeeInvis +   a - +1 short sword
rCold   . . .      Faith    .   (no shield)
rNeg    . . .      Spirit   .   b - +0 robe
rPois   .          Reflect  .   (helmet restricted)
rElec   .          Harm     .   (no cloak)
rCorr   .          Rampage  .   (gloves unavailable)
Will    .....                   (boots unavailable)
Stlth   +.........              (no amulet)
HPRegen 0.06/turn               (no ring)
MPRegen 0.09/turn               (no ring)

@: brilliant, very quick
A: very small, no large weapons, unfitting armour, see invisible, speed 3
a: Renounce Religion, Depart the Abyss, Bend Space


You were on level 3 of the Dungeon.
You worshipped Lugonu.
Lugonu was pleased with you.
You visited 1 branch of the dungeon, and saw 3 of its levels.
You visited the Abyss 1 time.

You collected 61 gold pieces.

Inventory:

Hand Weapons
 a - a +1 short sword (weapon)
 h - a +0 dagger
Armour
 b - a +0 robe (worn)
Magical Staves
 g - a staff of fire
Scrolls
 d - a scroll of fear {unknown}
 f - a scroll of noise {unknown}
 i - a scroll of torment {unknown}
 j - a scroll of enchant armour {unknown}
 l - a scroll of teleportation {unknown}
 m - a scroll of magic mapping {unknown}


   Skills:
 * Level 2.8 Fighting
 * Level 2.9 Short Blades
 * Level 0.3 Armour
 * Level 3.4 Dodging
 * Level 0.2 Shields
 * Level 0.8 Spellcasting
 * Level 0.8 Translocations
 * Level 2.3 Invocations


You had 3 spell levels left.
You didn't know any spells.
Your spell library contained the following spells:

 Spells                   Type           Power      Damage    Failure   Level
 Ignite Poison            Fire/Tmut/Pois 0%         N/A       65%         3
 Mephitic Cloud           Conj/Pois/Air  0%         N/A       65%         3
 Freezing Cloud           Conj/Ice/Air   0%         6-21      100%        5


Dungeon Overview and Level Annotations

Branches:
Dungeon (3/15)

Altars:


Innate Abilities, Weirdness & Mutations

You are very small and have problems with some larger weapons.
You are too small for most types of armour.
You have supernaturally acute eyesight. (SInv)
You cover ground extremely quickly. (Speed+++)


Message History

There is a stone staircase leading down here.
n - a white potion Done exploring.
Done exploring.
Done exploring.
Done exploring.
No target in view!
(D) Dungeon
Where to? (Enter - D:2, ? - help)
What level of the Dungeon? (default 1, ? - help) You're already here!
(D) Dungeon
Where to? (Enter - D:2, ? - help)
What level of the Dungeon? (default 1, ? - help)
Things that are here:
a +0 whip; 5 stones
There is a stone staircase leading down here.
You climb downwards.
Found a club.
There is a stone staircase leading up here.
A steam dragon is nearby!
It was a potion of attraction.
You feel attractive to monsters. The steam dragon barely misses you.
The steam dragon claws you.
It was a potion of cancellation.
Your magical effects are unravelling.
You feel magically purged. The steam dragon bites you!
The steam dragon claws you.
* * * LOW HITPOINT WARNING * * *
You feel less attractive to monsters.
It was a potion of brilliance.
You feel clever all of a sudden. The steam dragon misses you. x2
It was a potion of heal wounds.
You feel much better. The steam dragon bites you.
The steam dragon barely misses you.
You barely miss the steam dragon. The steam dragon bites you!
Ouch! That really hurt!
* * * LOW HITPOINT WARNING * * *
The steam dragon claws you.
You die...

.. .# . .#
.. .###.#
.#...
##...#
#..).#
########<#
......D@.#
##########


You could see a steam dragon.

Vanquished Creatures
  2 adders (D:2)
  A dart slug (D:2)
  3 bats
  2 endoplasms
  3 giant cockroaches
  2 goblins (D:2)
  4 hobgoblins
  4 ball pythons
  A frilled lizard (D:2)
  4 kobolds
  7 rats
33 creatures vanquished.

Notes
Turn   | Place    | Note
-------+----------+-------------------------------------------
     0 | Abyss:1  | lordive the Spriggan Abyssal Knight began the quest for the
                  | Orb.
     0 | Abyss:1  | Reached XP level 1. HP: 11/11 MP: 3/3
    11 | D:1      | Escaped the Abyss
   507 | D:1      | Reached XP level 2. HP: 7/16 MP: 4/4
  1772 | D:2      | Reached XP level 3. HP: 19/19 MP: 5/5
  1982 | D:2      | Reached ** piety under Lugonu
  2493 | D:3      | Noticed a steam dragon
  2499 | D:3      | Slain by a steam dragon

Illustrated notes

Levels and vault maps discovered:
D:1:      evilmike_arrival_fibonacci_small, layout_loops_ring,
          serial_bayou_ford_a
D:2:      layout_rooms
D:3:      layout_rooms, ebering_ghost_reflecting_pool,
          shapermc_ecumenical_altar_ellora

Skill      XL: |  1  2  3 |
---------------+----------+-----
Invocations    | 2 |  2.3
Fighting       | |  2.8
Short Blades   | |  2.9
Armour         | |  0.3
Dodging        | |  3.4
Shields        | |  0.2
Spellcasting   | |  0.8
Translocations | |  0.8

Action                   || total
-------------------------++-------
Melee: Short sword       ||   131
       Punch             ||     4
  Use: Potion            ||     4
 Stab: Sleeping          ||     2
Armor: Robe              ||    23
Dodge: Dodged            ||   122

Table legend: (Time is in decaauts)
 A = Elapsed time spent in this place.
 B = Non-inter-level travel time spent in this place.
 C = Inter-level travel time spent in this place.
 D = Time resting spent in this place.
 E = Time spent auto-exploring this place.
 F = Levels seen in this place.
 G = Mean time per level.
                   A        B        C        D        E       F      G
               +--------+--------+--------+--------+--------+-----+--------+
         Total |   2079 |   2033 |     46 |    592 |   1176 |   4 |  519.8 |
       Dungeon |   2072 |   2026 |     46 |    592 |   1172 |   3 |  690.7 |
         Abyss |      7 |      7 |      0 |      0 |      4 |   1 |    7.0 |
               +--------+--------+--------+--------+--------+-----+--------+

Top non-repeatable levels by time:
     D:1: 1324 daAuts
     D:2: 742 daAuts
 Abyss:1: 7 daAuts
     D:3: 5 daAuts
